[ PARTIDA AOE2 · #468910006 ]
UnrankedBohemios vs Khmer
Equipo del jugador · VICT
Equipo rival · DERR
[ ANÁLISIS DE REPETICIÓN · EXTRAÍDO DE LA PARTIDA GRABADA ]
Feudal
8:56
Castillos
—
Imperial
—
| APM promedio | 98.5 |
| APM pico | 140 |
| eAPM promedio | 56.0 |
| Aldeanos / militares | 29 / 11 |
Foco
⚔️ 82.2% · 🌾 17.8%
Archer ×6 · Militia ×5
Feudal
8:35
Castillos
—
Imperial
—
| APM promedio | 69.7 |
| APM pico | 100 |
| eAPM promedio | 31.1 |
| Aldeanos / militares | 31 / 7 |
Foco
⚔️ 52.2% · 🌾 47.8%
Archer ×7
Mapa de la partida
Recursos iniciales + cada clic de construcción. Líneas = muros · curvas = relieve. ◆ oro · ⬟ piedra · ● bayas · ✦ reliquia · ◌ hueco del cierre
Tu base· Abierta — flanco sin cerrar
Base de DGHIR | ZARC· Abierta — flanco sin cerrar
Terreno inicial suavizado · ◌ = hueco del cierre detectado · pasá el cursor para detalles
Inputs por minuto
— RaFa_GoRgOrY - - DGHIR | ZARC
Build order — RaFa_GoRgOrY
69 acciones detectadas en el replay
| 0:00 | Crear | Villager (Male) |
| 0:01 | Crear | Villager (Male) |
| 0:02 | Construir | House |
| 0:03 | Construir | House |
| 0:06 | Crear | Villager (Male) |
| 0:07 | Crear | Villager (Male) |
| 1:28 | Crear | Villager (Male) |
| 1:28 | Crear | Villager (Male) |
| 1:49 | Crear | Villager (Male) |
| 2:20 | Crear | Villager (Male) |
| 2:20 | Crear | Villager (Male) |
| 2:23 | Crear | Villager (Male) |
| 2:25 | Construir | Lumber Camp |
| 2:49 | Crear | Villager (Male) |
| 2:50 | Crear | Villager (Male) |
| 3:23 | Crear | Villager (Male) |
| 3:23 | Crear | Villager (Male) |
| 3:35 | Crear | Villager (Male) |
| 3:35 | Crear | Villager (Male) |
| 3:55 | Construir | House |
| 4:11 | Crear | Villager (Male) |
| 4:12 | Crear | Villager (Male) |
| 4:45 | Crear | Villager (Male) |
| 4:46 | Crear | Villager (Male) |
| 4:48 | Crear | Villager (Male) |
| 4:48 | Crear | Villager (Male) |
| 5:48 | Construir | Barracks |
| 5:57 | Construir | House |
| 6:12 | Investigar | Loom |
| 6:46 | Investigar | Feudal Age |
| 6:46 | Investigar | Feudal Age |
| 7:01 | Crear | Militia |
| 7:01 | Crear | Militia |
| 7:15 | Crear | Militia |
| 7:15 | Crear | Militia |
| 7:36 | Construir | Mining Camp |
| 7:42 | Crear | Militia |
| 8:56 | Edad | Edad Feudal |
| 9:00 | Investigar | Man-at-Arms (upgrade) |
| 9:00 | Investigar | Man-at-Arms (upgrade) |
| 9:00 | Investigar | Double-Bit Axe |
| 9:01 | Investigar | Double-Bit Axe |
| 9:04 | Construir | Archery Range |
| 9:10 | Crear | Villager (Male) |
| 9:39 | Crear | Villager (Male) |
| 9:55 | Crear | Villager (Male) |
| 10:02 | Crear | Archer |
| 10:04 | Construir | House |
| 10:12 | Construir | House |
| 10:32 | Crear | Archer |
| 10:34 | Crear | Villager (Male) |
| 10:43 | Crear | Archer |
| 10:49 | Construir | Blacksmith |
| 11:19 | Crear | Archer |
| 11:23 | Crear | Villager (Male) |
| 11:28 | Crear | Villager (Male) |
| 11:28 | Crear | Villager (Male) |
| 11:31 | Construir | Mill |
| 11:35 | Construir | House |
| 11:51 | Crear | Archer |
| 12:11 | Construir | House |
| 12:17 | Investigar | Fletching |
| 12:17 | Investigar | Fletching |
| 12:22 | Construir | Farm |
| 12:22 | Construir | Farm |
| 12:23 | Construir | Farm |
| 12:24 | Construir | Farm |
| 12:26 | Construir | Farm |
| 12:38 | Crear | Archer |
Build order — DGHIR | ZARC
70 acciones detectadas en el replay
| 0:00 | Crear | Villager (Male) |
| 0:00 | Crear | Villager (Male) |
| 0:02 | Construir | House |
| 0:02 | Construir | House |
| 0:05 | Crear | Villager (Male) |
| 0:05 | Crear | Villager (Male) |
| 1:26 | Crear | Villager (Male) |
| 1:48 | Crear | Villager (Male) |
| 1:53 | Construir | Lumber Camp |
| 2:19 | Crear | Villager (Male) |
| 2:19 | Crear | Villager (Male) |
| 2:46 | Crear | Villager (Male) |
| 2:46 | Crear | Villager (Male) |
| 3:02 | Crear | Villager (Male) |
| 3:02 | Crear | Villager (Male) |
| 3:51 | Crear | Villager (Male) |
| 3:51 | Crear | Villager (Male) |
| 3:53 | Construir | House |
| 4:04 | Crear | Villager (Male) |
| 4:29 | Crear | Villager (Male) |
| 4:46 | Crear | Villager (Male) |
| 4:50 | Crear | Villager (Male) |
| 6:01 | Construir | Mining Camp |
| 6:25 | Investigar | Feudal Age |
| 6:54 | Construir | Lumber Camp |
| 7:13 | Investigar | Loom |
| 7:33 | Construir | House |
| 8:35 | Edad | Edad Feudal |
| 8:35 | Crear | Villager (Male) |
| 8:37 | Construir | Archery Range |
| 8:46 | Investigar | Double-Bit Axe |
| 8:47 | Crear | Villager (Male) |
| 9:02 | Crear | Villager (Male) |
| 9:07 | Construir | House |
| 9:17 | Construir | Palisade Wall |
| 9:22 | Crear | Archer |
| 9:22 | Crear | Archer |
| 9:30 | Crear | Villager (Male) |
| 9:34 | Crear | Archer |
| 9:40 | Construir | Mill |
| 9:42 | Construir | Palisade Wall |
| 9:48 | Construir | Palisade Wall |
| 9:49 | Crear | Archer |
| 9:51 | Crear | Villager (Male) |
| 10:10 | Construir | Palisade Gate |
| 10:12 | Construir | House |
| 10:16 | Crear | Villager (Male) |
| 10:17 | Crear | Villager (Male) |
| 10:28 | Crear | Archer |
| 10:48 | Construir | Blacksmith |
| 10:56 | Construir | Palisade Wall |
| 10:57 | Construir | Palisade Wall |
| 10:57 | Construir | Palisade Wall |
| 11:04 | Crear | Villager (Male) |
| 11:07 | Construir | House |
| 11:09 | Construir | Palisade Wall |
| 11:12 | Crear | Villager (Male) |
| 11:18 | Construir | House |
| 11:21 | Construir | Palisade Wall |
| 11:21 | Crear | Villager (Male) |
| 11:27 | Crear | Archer |
| 11:38 | Investigar | Fletching |
| 11:38 | Investigar | Fletching |
| 11:44 | Crear | Villager (Male) |
| 11:56 | Investigar | Horse Collar |
| 12:21 | Crear | Villager (Male) |
| 12:23 | Construir | Farm |
| 12:32 | Crear | Villager (Male) |
| 12:36 | Crear | Archer |
| 12:48 | Construir | Farm |
Cronología de la partida
| 5:48 | RaFa_GoRgOrY · first_building Barracks |
| 8:35 | DGHIR | ZARC · age_up feudal |
| 8:37 | DGHIR | ZARC · first_building Archery Range |
| 8:56 | RaFa_GoRgOrY · age_up feudal |
| 9:04 | RaFa_GoRgOrY · first_building Archery Range |
| 9:17 | DGHIR | ZARC · wall_segment Palisade Wall x1 |
| 9:42 | DGHIR | ZARC · wall_segment Palisade Wall x1 |
| 9:48 | DGHIR | ZARC · wall_segment Palisade Wall x1 |
| 10:56 | DGHIR | ZARC · wall_segment Palisade Wall x1 |
| 10:57 | DGHIR | ZARC · wall_segment Palisade Wall x1 |
| 10:57 | DGHIR | ZARC · wall_segment Palisade Wall x1 |
| 11:09 | DGHIR | ZARC · wall_segment Palisade Wall x1 |
| 11:21 | DGHIR | ZARC · wall_segment Palisade Wall x1 |
| 12:53 | DGHIR | ZARC · resign |
[ ANÁLISIS IA · 1 CRÉDITO ]
¿Qué pasó realmente en esta partida?
Wolo.gg analiza cada decisión: build order, eco, micro, errores típicos por bracket. Análisis personalizado por WhatsApp o Discord en 30 segundos.
Guía civ
Bohemios
Perfil
Jugador #1371787